 Dungeon Crawl Stone Soup version 0.18-a0-33-g9e10395 (webtiles) character file.

452024 youngkai the Axe Maniac (level 22, -2/321 HPs)
             Began as a Minotaur Berserker on Nov 4, 2015.
             Was the Champion of Trog.
             Slain by a phantasmal warrior (7 damage)
             ... on level 1 of the Crypt on Nov 5, 2015.
             The game lasted 03:53:54 (45422 turns).

youngkai the Axe Maniac (Minotaur Berserker)       Turns: 45422, Time: 03:53:55

Health: -2/321     AC: 38    Str: 31    XL:     22   Next: 91%
Magic:  7/7        EV:  9    Int:  3    God:    Trog [******]
Gold:   2799       SH:  0    Dex: 14    Spells: 0 memorised, 21 levels left

rFire  + + .     SeeInvis +     a - +5 executioner's axe (antimagic)
rCold  + + .     Clarity  .     Z - +2 gold dragon armour
rNeg   + . .     SustAt   .     (shield currently unavailable)
rPois  +         Gourm    .     A - +1 hat {SInv}
rElec  +         Spirit   .     E - +1 cloak of Gravity {+Blink MR+}
rCorr  .         Warding  +     g - +2 pair of gloves {rC+}
rMut   .         Stasis   .     Y - +2 pair of boots {Stlth+}
MR     ++...                    o - amulet of Ynud {Ward +Fly rN+}
Stlth  ..........               i - ring of Lady Luck {+Fly rElec rF+ Int-3 SInv}
                                v - +5 ring of slaying

@: berserking, vulnerable, regenerating, very quick, very resistant to hostile
enchantments, extremely unstealthy
A: retaliatory headbutt, horns 2, talons 1, molten scales 1
a: Berserk, Trog's Hand, Brothers in Arms, Burn Spellbooks, Renounce Religion,
Evoke Blink, Evoke Flight
}: 3/15 runes: decaying, serpentine, silver


You were on level 1 of the Crypt.
You worshipped Trog.
Trog was exalted by your worship.
You were very full.

You visited 7 branches of the dungeon, and saw 41 of its levels.
You also visited: Labyrinth, Ossuary, Bailey and Ice Cave.

You collected 5960 gold pieces.
You spent 3161 gold pieces at shops.

Inventory:

Hand Weapons
 a - a +5 antimagic executioner's axe (weapon)
 b - a +2 triple crossbow of flaming
Missiles
 C - 113 bolts of frost
 J - 64 silver bolts
Armour
 g - a +2 pair of gloves of cold resistance (worn)
 A - a +1 hat of see invisible (worn)
 E - the +1 cloak of Gravity (worn) {+Blink MR+}
   (You found it in a labyrinth)

   It affects your resistance to hostile enchantments.
   It lets you blink.
 Y - a +2 pair of boots of stealth (worn)
 Z - a +2 gold dragon armour (worn)
Jewellery
 f - a +6 ring of evasion
 i - the ring of Lady Luck (right hand) {+Fly rElec rF+ Int-3 SInv}
   (You bought it in a shop on level 2 of the Snake Pit)

   [ring of flight]

   It affects your intelligence (-3).
   It protects you from fire.
   It insulates you from electricity.
   It lets you see invisible.
   It lets you fly.
 o - the amulet of Ynud (around neck) {Ward +Fly rN+}
   (You took it off an ironbrand convoker on level 5 of the Vaults)

   [amulet of warding]

   It may prevent the melee attacks of summoned creatures.
   It protects you from negative energy.
   It lets you fly.
 v - a +5 ring of slaying (left hand)
Wands
 r - a wand of invisibility (3)
 x - a wand of digging (13)
 U - a wand of heal wounds (4)
Scrolls
 e - 15 scrolls of teleportation
 j - 11 scrolls of remove curse
 y - a scroll of blinking
 z - 2 scrolls of fog
 B - 2 scrolls of fear
 D - 9 scrolls of magic mapping
 K - 10 scrolls of identify
 T - a scroll of recharging
 V - 4 scrolls of silence
Potions
 h - 5 potions of heal wounds
 l - 7 potions of flight
 m - 5 potions of haste
 p - 18 potions of curing
 s - 3 potions of might
 M - 4 potions of agility
 N - 3 potions of invisibility
 P - 4 potions of cancellation
 R - 5 potions of resistance
Books
 u - a book of Envenomations

   Spells                             Type                      Level
   a - Spider Form                    Transmutation/Poison         3
   b - Alistair's Intoxication        Transmutation/Poison         4
   c - Olgreb's Toxic Radiance        Poison                       4
   d - Poisonous Cloud                Conjuration/Poison/Air       6
   Trog disapproves of the use of such an item.
Miscellaneous
 Q - a legendary deck of changes {the Helm, drawn: 4}
Comestibles
 c - 16 bread rations
 n - 7 beef jerkies
 q - 30 fruits
 t - 19 meat rations


   Skills:
 + Level 21.7 Fighting
 O Level 27 Axes
 + Level 16.4 Crossbows
 + Level 21.2 Armour
 + Level 13.0 Dodging


You had 21 spell levels left.
You didn't know any spells.

Dungeon Overview and Level Annotations

Branches:
Dungeon (15/15)            Temple (0/1) D:6            Lair (8/8) D:11
  Swamp (4/4) Lair:6        Snake (4/4) Lair:4        Slime (0/6) Lair:8
    Orc (4/4) D:11            Elf (0/3) Orc:4        Vaults (5/5) D:14
  Crypt (1/3) Vaults:2     Depths (0/5) D:15

Altars:
Dithmenos
Elyvilon
Fedhas
Kikubaaqudgha
Nemelex Xobeh
Okawaru
Trog
Vehumet
Xom
Yredelemnul
Beogh

Shops:
D:8 *   D:11 :   Orc:3 [   Orc:4 *(}[   Snake:2 =   Snake:4 ?   Vaults:1 ?


Innate Abilities, Weirdness & Mutations

You reflexively headbutt those who attack you in melee.
You have a pair of horns on your head.
You have sharp toenails.
You are partially covered in molten scales (AC +1).


Message History

You slash the wolf spider simulacrum! The jiangshi claws you!
* * * LOW HITPOINT WARNING * * *
The jiangshi misses you. The freezing wraith misses you.
The freezing wraith's attack is warded away.
The phantasmal warrior blinks!
The ancient champion hits you but does no damage.
A jiangshi comes into view.
The phantasmal warrior hits you!!
* * * LOW HITPOINT WARNING * * *
The jiangshi claws you but does no damage. x2
There is a staircase back to the Vaults, spattered with blood here.
Things that are here:
a dagger; a robe; a human corpse You feel a strong urge to attack something.
The skeletal warrior hits you from afar with a glaive.
* * * LOW HITPOINT WARNING * * *
The wolf spider simulacrum hits you but does no damage.
The wolf spider simulacrum completely misses you.
The phantasmal warrior hits you!
You die...

....# ...###
#....######
#..........
#.......ยง%.
#.z..^.....
.#.###ZW.^......
..VZ..zz@W......
##.###zVWZ......
#..WW!.....
...V.W..p...
###.MZ.$.Z...
#...#Z#....
##z...###.#
#M#Z.# .# ..Z..


You could see 2 ancient champions, 2 skeletal warriors, 3 jiangshi, a shadow
wraith (invisible), a curse skull, 2 phantasmal warriors, a freezing wraith, a
necromancer, a hungry ghost, a wraith, 2 mummies, a wolf spider simulacrum, a
frost giant simulacrum, a swamp dragon zombie, an ice dragon zombie, a fire
giant zombie, a caustic shrike zombie and a snapping turtle skeleton.

Vanquished Creatures
  Mennas (Vaults:5)
  Vashnia (Snake:2)
  2 golden dragons (Vaults:5)
  Rupert (Orc:4)
  A tentacled monstrosity (Vaults:5)
  Asterion (Snake:4)
  5 titans (Vaults:5)
  A quicksilver dragon (Vaults:5)
  3 sphinxes
  Gastronok (D:10)
  Agnes (Snake:2)
  6 tengu reavers
  Frances (Snake:2)
  5 shadow dragons (Vaults:5)
  2 thorn hunters
  A storm dragon (Vaults:5)
  Roxanne (Swamp:3)
  2 frost giants
  Wiglaf (Snake:2)
  8 vault wardens
  An iron dragon (Vaults:5)
  2 deep elf sorcerers (Vaults:2)
  13 greater nagas
  Maud (Orc:4)
  2 fire giants (Vaults:5)
  2 orc warlords
  Aizul (Snake:1)
  A curse skull (Crypt:1)
  15 ironheart preservers
  4 stone giants
  3 very ugly things
  A vampire knight (D:12)
  A deep elf annihilator (Vaults:5)
  2 large abominations (Vaults:5)
  A salamander stormcaller (Vaults:4)
  2 deep elf demonologists
  A minotaur (Lab)
  Snorg (D:10)
  3 ettins
  A fire dragon (Vaults:4)
  24 vault guards (Vaults:5)
  3 deep elf death magi (Vaults:5)
  2 ice dragons (Vaults:2)
  A rakshasa (Vaults:2)
  18 yaktaur captains
  6 deep elf high priests (Vaults:5)
  Fannar (D:11)
  18 naga warriors
  The ghost of emiel the Martial Artist, a journeyman HuMo of Cheibriados (D:11)
  14 hydras
  A great orb of eyes (Vaults:2)
  An ice dragon (shapeshifter) (Vaults:5)
  5 centaur warriors
  Erica (D:8)
  An alligator snapping turtle (shapeshifter) (Vaults:5)
  A ghost crab (Swamp:4)
  12 anacondas
  An anaconda (shapeshifter) (Vaults:5)
  A catoblepas (Lair:5)
  4 dancing weapons
  14 death yaks
  7 alligators
  8 ogre magi
  3 deep troll earth magi (Vaults:1)
  6 orc high priests
  2 tengu warriors (D:14)
  3 deep troll shamans
  7 shock serpents
  Urug (Orc:1)
  Sonja (Orc:3)
  Nergalle (D:10)
  21 naga sharpshooters
  3 skeletal warriors
  4 shadow wraiths
  2 fire crabs
  A hell knight (Vaults:2)
  12 deep trolls
  An ice devil (IceCv)
  A fire crab (shapeshifter) (Vaults:4)
  3 salamander mystics
  A storm dragon skeleton (Vaults:3)
  An unseen horror (shapeshifter) (Vaults:1)
  A golden dragon zombie (Vaults:5)
  8 swamp dragons
  3 shambling mangroves
  2 spriggan druids
  A giant orange brain (Vaults:3)
  6 naga ritualists
  22 orc knights
  8 unseen horrors
  An orange crystal statue (D:12)
  3 harpies (Vaults:1)
  Pikel (D:8)
  A harpy (shapeshifter) (Vaults:1)
  4 orc sorcerers
  21 ironbrand convokers
  7 hill giants
  An orb spider (shapeshifter) (Vaults:2)
  2 deep elf conjurers (Vaults:5)
  7 necromancers
  A mana viper (shapeshifter) (Vaults:1)
  9 salamanders
  19 ugly things
  8 griffons
  2 human zombies
  10 mana vipers
  5 phantasmal warriors
  4 hornets
  An oklob plant (Lair:8)
  32 elephants
  2 salamanders (shapeshifter)
  8 guardian serpents
  A shadow dragon skeleton (Vaults:3)
  A fire giant zombie (D:15)
  A faun (shapeshifter) (Vaults:5)
  A frost giant zombie (Vaults:2)
  5 wolf spiders
  8 cyclopes
  A moth of wrath (shapeshifter) (Vaults:5)
  A stone giant zombie (D:15)
  20 naga magi
  35 black mambas
  18 vault sentinels
  2 frost giant skeletons
  2 ice statues (IceCv)
  The ghost of tp1 the Magician, a novice DEWz (D:6)
  A torpor snail (shapeshifter) (Vaults:1)
  An efreet (D:12)
  3 kobold demonologists
  A salamander skeleton (Vaults:2)
  A torpor snail (Lair:3)
  A fire drake (shapeshifter) (Vaults:2)
  2 gargoyles
  A yaktaur zombie (Vaults:2)
  10 komodo dragons
  47 yaktaurs
  4 fire drakes
  26 spiny frogs
  6 blue devils (IceCv)
  A tengu conjurer (D:14)
  9 freezing wraiths
  4 deep elf priests
  11 trolls
  A troll (shapeshifter) (Vaults:4)
  20 two-headed ogres
  2 polar bears
  6 giant leeches
  A jumping spider (Vaults:5)
  19 blink frogs
  A deep troll zombie (D:15)
  A blink frog (shapeshifter) (Vaults:1)
  7 boulder beetles
  19 slime creatures
  An ettin zombie (D:15)
  16 redbacks
  10 spriggans
  6 flying skulls (Crypt:1)
  4 tarantellas
  A black mamba zombie (Crypt:1)
  2 ettin skeletons (Crypt:1)
  A spriggan (shapeshifter) (Vaults:2)
  7 deep elf magi
  A wyvern (D:8)
  A vampire (D:12)
  3 wraiths
  7 shadows
  12 hippogriffs
  A yak (shapeshifter) (Vaults:5)
  Eustachio (D:5)
  2 hogs (shapeshifter)
  4 basilisks
  59 yaks
  11 deep elf fighters
  39 vampire mosquitoes
  3 hungry ghosts
  An elf skeleton (Vaults:5)
  Menkaure (D:5)
  5 wargs
  14 water moccasins
  18 wolves
  2 steam dragons
  Edmund (D:4)
  88 nagas
  7 mottled dragons
  18 insubstantial wisps
  23 swamp worms
  Duvessa (D:6)
  16 swamp drakes
  75 orc warriors
  9 porcupines
  4 sky beasts
  A black bear (D:6)
  An ettin simulacrum (Vaults:5)
  An elf zombie (Vaults:2)
  A boggart (shapeshifter) (Vaults:5)
  3 necrophages (D:9)
  5 phantoms
  2 ice beasts
  A tengu (shapeshifter) (Vaults:5)
  15 wasps
  36 ogres
  2 human skeletons
  13 centaurs
  28 crocodiles
  An eye of draining (shapeshifter) (Vaults:5)
  An orc skeleton (Vaults:2)
  4 big kobolds
  A brain worm (D:13)
  A wyvern zombie (D:9)
  4 gnoll sergeants
  A water moccasin zombie (Ossuary)
  27 giant frogs
  4 killer bees (D:14)
  An ogre simulacrum (Vaults:1)
  A wyvern skeleton (D:10)
  Dowan (D:6)
  6 scorpions
  A human simulacrum (Vaults:3)
  3 wights (D:9)
  8 bog bodies
  A troll skeleton (Lab)
  2 electric eels (Lair:2)
  4 crimson imps
  3 centaur zombies
  11 hounds
  4 giant frog skeletons
  3 jellies
  5 giant frog zombies (Ossuary)
  3 gnoll shamans
  13 iguanas
  41 orc wizards
  10 worker ants
  Jessica (D:2)
  5 centaur skeletons
  50 orc priests
  4 hell rats (Lair:7)
  10 sheep
  4 hound zombies
  14 mummies
  3 worker ant zombies
  Robin (D:2)
  21 gnolls
  10 adders
  68 river rats
  4 shadow imps
  11 white imps
  8 ufetubi (IceCv)
  An ooze (D:1)
  An adder skeleton (D:5)
  6 adder zombies
  3 worms
  3 giant geckos
  245 orcs
  3 ball pythons
  2 giant cockroaches (D:1)
  31 goblins
  16 hobgoblins
  13 bats
  4 giant cockroach zombies
  2 giant newts
  3 jackals (D:6)
  A jackal skeleton (D:7)
  27 kobolds
  6 quokkas
  3 quokka zombies
  13 rats
  9 briar patches (Swamp:3)
  A bush (D:9)
  4 crawling corpses (Vaults:5)
  4 fire vortices (Vaults:4)
  9 fungi
  16 plants
2214 creatures vanquished.

Vanquished Creatures (collateral kills)
  Mara (Swamp:4)
  the Lernaean hydra (Swamp:4)
  3 greater nagas (Snake:4)
  A fire dragon (Lair:8)
  12 hydras
  2 naga warriors (Snake:4)
  An alligator (Swamp:2)
  3 naga sharpshooters (Snake:4)
  A swamp dragon (Swamp:2)
  A deep troll (Vaults:5)
  A hornet (Swamp:4)
  A salamander (Snake:4)
  2 naga magi (Snake:4)
  A komodo dragon (Lair:3)
  2 guardian serpents (Snake:4)
  2 swamp worms
  7 nagas (Snake:4)
  A water moccasin (Lair:2)
  6 swamp drakes
  3 orc warriors (D:11)
  2 ogres
  3 gnoll sergeants (D:11)
  5 orc priests (Orc:4)
  8 white imps (Lair:2)
  2 orcs (D:11)
72 creatures vanquished.

Vanquished Creatures (others)
  A deep elf high priest (Vaults:5)
  A salamander (Snake:3)
  A redback (shapeshifter) (Vaults:5)
  A slave (D:8)
  An orc wizard (Vaults:5)
  2 ufetubi (IceCv)
  A kobold (D:2)
  A bush (D:9)
  A fire vortex (Vaults:4)
  14 fungi
  14 plants
38 creatures vanquished.

Grand Total: 2324 creatures vanquished

Notes
Turn   | Place    | Note
--------------------------------------------------------------
     0 | D:1      | youngkai the Minotaur Berserker began the quest for the Orb.
     0 | D:1      | Reached XP level 1. HP: 19/19 MP: 0/0
    66 | D:1      | Reached skill level 4 in Axes
    66 | D:1      | Reached XP level 2. HP: 20/27 MP: 1/1
   330 | D:1      | Reached ** piety under Trog
   552 | D:1      | Reached XP level 3. HP: 33/33 MP: 2/2
   633 | D:2      | Noticed Robin
   643 | D:2      | Killed Robin
   650 | D:2      | Found a bloodstained altar of Trog.
   683 | D:2      | Noticed Jessica
   694 | D:2      | Killed Jessica
   694 | D:2      | Reached skill level 5 in Axes
   694 | D:2      | Reached XP level 4. HP: 27/41 MP: 3/3
   894 | D:2      | Reached *** piety under Trog
  1268 | D:2      | Found a white marble altar of Elyvilon.
  1381 | D:3      | Reached XP level 5. HP: 43/47 MP: 4/4
  2259 | D:4      | Reached skill level 5 in Fighting
  2263 | D:4      | Noticed Edmund
  2267 | D:4      | Reached skill level 6 in Axes
  2288 | D:4      | Killed Edmund
  2288 | D:4      | Reached XP level 6. HP: 21/56 MP: 5/5
  2403 | D:4      | Got a translucent chain mail
  2414 | D:4      | Identified the cursed +1 chain mail of Claustrophobia {Regen+ Str+3 Int+4} (You found it on level 4 of the Dungeon)
  2423 | D:4      | Found a shadowy altar of Dithmenos.
  2434 | D:4      | Reached skill level 7 in Axes
  2436 | D:4      | Reached **** piety under Trog
  2602 | D:4      | Reached skill level 5 in Armour
  2747 | D:5      | Entered Level 5 of the Dungeon
  2770 | D:5      | Noticed a yak
  2770 | D:5      | Noticed a hill giant
  2778 | D:5      | Killed a yak
  2778 | D:5      | Reached XP level 7. HP: 24/63 MP: 6/6
  2784 | D:5      | Killed a hill giant
  2784 | D:5      | Reached skill level 8 in Axes
  2784 | D:5      | Reached XP level 8. HP: 29/71 MP: 7/7
  2870 | D:5      | Found a sparkling altar of Nemelex Xobeh.
  2873 | D:5      | Found a basalt altar of Yredelemnul.
  2876 | D:5      | Found a radiant altar of Vehumet.
  3001 | D:5      | Noticed Eustachio
  3010 | D:5      | Noticed Menkaure
  3021 | D:5      | Killed Eustachio
  3021 | D:5      | Reached skill level 9 in Axes
  3022 | D:5      | Killed Menkaure
  3349 | D:6      | Found a shimmering altar of Xom.
  3364 | D:6      | Noticed tp1's ghost (novice DEWz)
  3372 | D:6      | Killed tp1's ghost
  3372 | D:6      | Reached skill level 10 in Axes
  3380 | D:6      | Reached XP level 9. HP: 81/81 MP: 8/8
  3411 | D:6      | Reached skill level 11 in Axes
  3461 | D:6      | Received a gift from Trog
  3819 | D:6      | Noticed Dowan
  3826 | D:6      | Killed Dowan
  3827 | D:6      | Noticed Duvessa
  3831 | D:6      | Killed Duvessa
  3848 | D:6      | Found a staircase to the Ecumenical Temple.
  4093 | D:7      | Reached ***** piety under Trog
  4117 | D:7      | Reached skill level 12 in Axes
  4145 | D:7      | Reached XP level 10. HP: 48/91 MP: 9/9
  4877 | D:8      | Found a sand-covered staircase.
  4885 | Ossuary  | Entered an ossuary
  5034 | Ossuary  | Reached skill level 10 in Fighting
  5034 | Ossuary  | Reached skill level 13 in Axes
  5452 | D:8      | Noticed Pikel
  5452 | D:8      | Noticed Erica
  5460 | D:8      | Killed Pikel
  5460 | D:8      | Reached skill level 10 in Armour
  5463 | D:8      | Killed Erica
  5543 | D:8      | Found Laes's General Store.
  5741 | D:8      | Reached skill level 14 in Axes
  5957 | D:9      | Received a gift from Trog
  5963 | D:9      | Reached XP level 11. HP: 88/101 MP: 10/10
  6865 | D:9      | Found a blossoming altar of Fedhas.
  7199 | D:10     | Entered Level 10 of the Dungeon
  7244 | D:10     | Found a flagged portal.
  7268 | Bailey   | Entered a bailey
  7273 | Bailey   | Noticed an orc warlord
  7338 | Bailey   | Found a runed gate.
  7338 | Bailey   | Found a runed gate.
  7338 | Bailey   | Found a runed gate.
  7463 | Bailey   | Received a gift from Trog
  7475 | Bailey   | Killed an orc warlord
  7475 | Bailey   | Reached skill level 15 in Axes
  7509 | Bailey   | Reached skill level 16 in Axes
  7509 | Bailey   | Reached XP level 12. HP: 109/113 MP: 3/11
  7528 | Bailey   | Identified a scroll of acquirement
  7633 | D:10     | Noticed Gastronok
  7643 | D:10     | Killed Gastronok
  7645 | D:10     | Received a gift from Trog
  7711 | D:10     | Noticed Snorg
  7718 | D:10     | Killed Snorg
  7932 | D:10     | Noticed Nergalle
  7950 | D:10     | Killed Nergalle
  8112 | D:10     | Found a radiant altar of Vehumet.
  8145 | D:10     | Reached skill level 17 in Axes
  8373 | D:10     | Found a shadowy altar of Dithmenos.
  8511 | D:11     | Received a gift from Trog
  8512 | D:11     | Found Haross's Book Shoppe.
  8513 | D:11     | Noticed emiel's ghost (journeyman HuMo)
  8525 | D:11     | Reached ****** piety under Trog
  8538 | D:11     | Killed emiel's ghost
  8538 | D:11     | Reached XP level 13. HP: 100/122 MP: 12/12
  8601 | D:11     | Found a staircase to the Lair.
  8784 | D:11     | Found a staircase to the Orcish Mines.
  8974 | D:11     | Noticed Fannar
  8988 | D:11     | Killed Fannar
  9145 | Lair:1   | Entered Level 1 of the Lair of Beasts
  9230 | Lair:1   | Received a gift from Trog
  9237 | Lair:1   | Got a faintly glowing battleaxe {god gift}
  9238 | Lair:1   | Identified the +8 battleaxe "Ratapo" {elec, Str+2} (Trog gifted it to you on level 1 of the Lair of Beasts)
  9709 | Lair:1   | Gained mutation: Your mind is acute. (Int +2) [potion of beneficial mutation]
  9710 | Lair:1   | Gained mutation: You have sharp toenails. [potion of beneficial mutation]
  9711 | Lair:1   | Gained mutation: Your system is resistant to poisons. [potion of beneficial mutation]
  9825 | Lair:1   | Reached skill level 18 in Axes
  9825 | Lair:1   | Reached skill level 1 in Crossbows
 10071 | Lair:2   | Found a frozen archway.
 10105 | IceCv    | Entered an ice cave
 10399 | IceCv    | Received a gift from Trog
 11319 | Lair:3   | Found a labyrinth entrance.
 11369 | Lab      | Entered a labyrinth
 11479 | Lab      | Got a warped cloak
 11497 | Lair:3   | Identified the +1 cloak of Gravity {+Blink MR+} (You found it in a labyrinth)
 11777 | Lair:3   | Reached XP level 14. HP: 119/133 MP: 13/13
 12252 | Lair:4   | Found a staircase to the Snake Pit.
 12310 | Lair:4   | Reached skill level 19 in Axes
 12973 | Lair:5   | Received a gift from Trog
 12975 | Lair:5   | Reached skill level 5 in Crossbows
 13010 | Lair:5   | Found an iron altar of Okawaru.
 13206 | Lair:5   | Reached skill level 15 in Fighting
 13206 | Lair:5   | Reached skill level 20 in Axes
 13206 | Lair:5   | Reached XP level 15. HP: 90/141 MP: 14/14
 14125 | Lair:6   | Received a gift from Trog
 14507 | Lair:6   | Found a staircase to the Swamp.
 14897 | Lair:7   | Received a gift from Trog
 15049 | Lair:7   | Reached XP level 16. HP: 143/151 MP: 15/15
 15143 | Lair:7   | Reached skill level 21 in Axes
 15634 | Lair:8   | Entered Level 8 of the Lair of Beasts
 15691 | Lair:8   | Received a gift from Trog
 15901 | Lair:8   | Reached skill level 15 in Armour
 15902 | Lair:8   | Found a staircase to the Slime Pits.
 16729 | Orc:1    | Entered Level 1 of the Orcish Mines
 16854 | Orc:1    | Found a roughly hewn altar of Beogh.
 17490 | Orc:2    | Received a gift from Trog
 17815 | Orc:1    | Noticed Urug
 17821 | Orc:1    | Killed Urug
 17875 | Orc:1    | You fall through a shaft!
 18531 | Orc:4    | Entered Level 4 of the Orcish Mines
 18591 | Orc:3    | Noticed Sonja
 18600 | Orc:3    | Killed Sonja
 18602 | Orc:3    | Found Zoddy's Antique Armour Emporium.
 18715 | Orc:4    | Received a gift from Trog
 18790 | Orc:4    | Found a staircase to the Elven Halls.
 18905 | Orc:4    | Noticed Rupert
 18920 | Orc:4    | Killed Rupert
 19035 | Orc:4    | Noticed Maud
 19046 | Orc:4    | Killed Maud
 19396 | Orc:4    | Received a gift from Trog
 19433 | Orc:4    | Found Wiam Teo's Armour Shop.
 19433 | Orc:4    | Found Gaxih's General Store.
 19434 | Orc:4    | Found Qixku's Gadget Shop.
 19434 | Orc:4    | Found Untin's Weapon Boutique.
 19443 | Orc:4    | Bought a potion of curing for 33 gold pieces
 19443 | Orc:4    | Bought a scroll of blinking for 82 gold pieces
 19443 | Orc:4    | Bought a potion of curing for 33 gold pieces
 20149 | D:12     | Got a pair of bloodstained gloves
 20160 | D:12     | Identified the cursed +0 pair of gloves of Nootocs {rElec rCorr Str-4 Dex+3} (You found it on level 12 of the Dungeon)
 20447 | D:12     | Received a gift from Trog
 20665 | D:12     | Reached skill level 22 in Axes
 21584 | D:14     | Reached XP level 17. HP: 153/160 MP: 13/16
 21638 | D:14     | Found a gate to the Vaults.
 21839 | D:14     | Reached skill level 10 in Crossbows
 22452 | Lair:5   | Received a gift from Trog
 22525 | Swamp:1  | Entered Level 1 of the Swamp
 23932 | Swamp:3  | Noticed Roxanne
 23984 | Swamp:3  | Received a gift from Trog
 24003 | Swamp:3  | Reached skill level 23 in Axes
 24029 | Swamp:3  | Killed Roxanne
 24672 | Swamp:4  | Entered Level 4 of the Swamp
 25192 | Swamp:4  | Received a gift from Trog
 25269 | Swamp:4  | Noticed Mara
 25291 | Swamp:4  | Noticed youngkai's illusion
 25570 | Swamp:4  | Noticed youngkai's illusion
 25592 | Swamp:4  | Killed Mara
 25810 | Swamp:4  | Noticed the 27-headed Lernaean hydra
 25818 | Swamp:4  | Killed the 26-headed Lernaean hydra
 25821 | Swamp:4  | Reached XP level 18. HP: 140/171 MP: 10/17
 25897 | Swamp:4  | Got a decaying rune of Zot
 26685 | Snake:1  | Entered Level 1 of the Snake Pit
 27165 | Snake:1  | Received a gift from Trog
 27431 | Snake:1  | Received a gift from Trog
 27470 | Snake:1  | Noticed Aizul
 27488 | Snake:1  | Killed Aizul
 27648 | Snake:2  | Noticed Frances
 27650 | Snake:2  | Noticed Agnes
 27654 | Snake:2  | Noticed Vashnia
 27656 | Snake:2  | Killed Frances
 27656 | Snake:2  | Reached skill level 24 in Axes
 27657 | Snake:2  | Found Saush's Jewellery Shop.
 28024 | Snake:1  | Got a wavering platinum amulet
 28030 | Snake:1  | Identified the amulet of Xisaasty {+Rage Slay+2} (You acquired it on level 1 of the Snake Pit)
 28108 | Snake:2  | Killed Agnes
 28139 | Snake:2  | Killed Vashnia
 28182 | Snake:2  | Bought the ring of Lady Luck {+Fly rElec rF+ Int-3 SInv} for 546 gold pieces
 29031 | Snake:2  | Received a gift from Trog
 29152 | Snake:2  | Noticed Wiglaf
 29168 | Snake:2  | Killed Wiglaf
 30239 | Snake:3  | Received a gift from Trog
 30239 | Snake:3  | Reached skill level 5 in Dodging
 30522 | Snake:3  | Reached XP level 19. HP: 151/180 MP: 15/18
 30619 | Snake:4  | Entered Level 4 of the Snake Pit
 30645 | Snake:4  | Received a gift from Trog
 31034 | Snake:4  | Found Daclih Vaew's Magic Scroll Boutique.
 31055 | Snake:4  | Bought a scroll of identify for 24 gold pieces
 31055 | Snake:4  | Bought a scroll of silence for 90 gold pieces
 31055 | Snake:4  | Bought a scroll of enchant weapon for 90 gold pieces
 31055 | Snake:4  | Bought a scroll of brand weapon for 240 gold pieces
 31055 | Snake:4  | Bought a scroll of enchant armour for 90 gold pieces
 31141 | Snake:4  | Received a gift from Trog
 31593 | Snake:4  | Received a gift from Trog
 31636 | Snake:4  | Reached skill level 25 in Axes
 31900 | Snake:4  | Received a gift from Trog
 32764 | Snake:4  | Noticed Asterion
 32769 | Snake:4  | Killed Asterion
 32782 | Snake:4  | Got a serpentine rune of Zot
 32863 | Snake:4  | Received a gift from Trog
 32871 | Snake:4  | Got a scorched battleaxe {god gift}
 32872 | Snake:4  | Identified the +1 battleaxe "Pefih" {chop, Str+5} (Trog gifted it to you on level 4 of the Snake Pit)
 33181 | Lair:1   | Upgraded the game from 0.18-a0-29-gce27f3c to 0.18-a0-33-g9e10395
 33326 | Vaults:1 | Entered Level 1 of the Vaults
 33456 | Vaults:1 | Found Belefre's Magic Scroll Boutique.
 33465 | Vaults:1 | Bought a scroll of teleportation for 48 gold pieces
 33820 | Vaults:1 | Reached XP level 20. HP: 181/191 MP: 6/19
 34047 | Vaults:1 | Received a gift from Trog
 34230 | Vaults:1 | Received a gift from Trog
 34313 | Vaults:1 | Received a gift from Trog
 34725 | Vaults:1 | Found a roughly hewn altar of Beogh.
 35313 | Vaults:2 | Reached skill level 26 in Axes
 35322 | Vaults:2 | Received a gift from Trog
 35536 | Vaults:2 | Received a gift from Trog
 35786 | Vaults:2 | Received a gift from Trog
 36042 | Vaults:2 | Received a gift from Trog
 36049 | Vaults:2 | Identified Lehudib's Collected Works on Igneous Battle Magic
 36117 | Vaults:2 | Found a staircase to the Crypt.
 36117 | Vaults:2 | Found an ancient bone altar of Kikubaaqudgha.
 36118 | Vaults:2 | Found a basalt altar of Yredelemnul.
 36664 | Vaults:3 | Received a gift from Trog
 37081 | Vaults:3 | Reached XP level 21. HP: 180/201 MP: 6/20
 38065 | Vaults:4 | Received a gift from Trog
 38098 | Vaults:4 | Received a gift from Trog
 38172 | Vaults:4 | Reached skill level 10 in Dodging
 39145 | Vaults:4 | Received a gift from Trog
 39404 | Vaults:5 | Entered Level 5 of the Vaults
 39429 | Vaults:5 | Reached skill level 15 in Crossbows
 39450 | Vaults:5 | Received a gift from Trog
 39450 | Vaults:5 | Reached skill level 27 in Axes
 40518 | Vaults:5 | Reached XP level 22. HP: 202/211 MP: 7/21
 40575 | Vaults:5 | Received a gift from Trog
 40868 | Vaults:5 | Got a fine brass amulet
 41157 | Vaults:5 | Got a silver rune of Zot
 41188 | Vaults:5 | Lost mutation: Your system is resistant to poisons. [potion of cure mutation]
 41188 | Vaults:5 | Lost mutation: Your mind is acute. (Int +2) [potion of cure mutation]
 41466 | Vaults:5 | Noticed Mennas
 41491 | Vaults:5 | Killed Mennas
 42028 | Vaults:5 | Received a gift from Trog
 42548 | Vaults:5 | Received a gift from Trog
 43132 | Vaults:5 | Identified the amulet of Ynud {Ward +Fly rN+} (You took it off an ironbrand convoker on level 5 of the Vaults)
 43426 | Vaults:5 | Received a gift from Trog
 44061 | Orc:3    | Bought a spiked fire dragon armour for 1885 gold pieces
 44072 | Orc:3    | Identified the cursed +0 fire dragon armour of Huiffim {-Tele rF++ rC- Dex+3 Stlth+} (You bought it in a shop on level 3 of the Orcish Mines)
 44257 | Lair:1   | Received a gift from Trog
 44333 | D:12     | Gained mutation: You are partially covered in molten scales (AC +1). [potion of beneficial mutation]
 44452 | D:15     | Entered Level 15 of the Dungeon
 44452 | D:15     | Found a staircase to the Depths.
 45398 | Crypt:1  | Entered Level 1 of the Crypt
 45421 | Crypt:1  | HP: 5/321 [phantasmal warrior (18)]
 45422 | Crypt:1  | Slain by a phantasmal warrior

Vault maps used:
D:1:      minmay_arrival_four_loops
D:2:      lemuel_crystal_altar, elyvilon_altar_4, first_bread,
          grunt_ministairs_11, uniq_jessica, uniq_robin
D:4:      nicolae_dithmenos_shadow_blocks, uniq_edmund
D:5:      kennysheep_big_flooded_room, grunt_temple_overflow_diamond,
          uniq_menkaure, uniq_eustachio
D:6:      lemuel_doored_altar, minmay_temple_entry_hall, sword_in_stone,
          uniq_duvessa
D:7:      kennysheep_housing_project
D:8:      gup_ossuary_entry_pyramid, serial_shops, shop, uniq_pikel, uniq_erica
D:9:      fedhas_altar_decomposition, the_bakery
D:10:     enter_bailey_3, basic_altar, david_defended_altar_elf, uniq_snorg,
          uniq_gastronok, uniq_nergalle
D:11:     david_lair_generic, kennysheep_orc_monster_closet_entryway,
          serial_shops, shop_fountains, serial_glass, glass_columns_a,
          glass_columns_a, spider_trap, minmay_misc_feat_alley, uniq_fannar
D:12:     minmay_two_paths, hangedman_abyss_or_decor_stagger,
          minmay_protected_statue
D:14:     erik_vaults_1, minivault_27
D:15:     gammafunk_depths_entry_grave, minmay_door_square
Lair:1:   lemuel_fruit_fields, infiniplex_staircase_pool_2, grunt_megastairs_4,
          serial_bayou_shore_b, lemuel_fruit_fields
Lair:2:   portal_ice_cave_entry_imps, infiniplex_staircase_pool,
          serial_bayou_shore_a, serial_bayou_shore_b
Lair:3:   lab_entry_generic, st_stairs_3, cheibrodos_lair_reptile_den,
          lemuel_fruit_tree
Lair:4:   minmay_snake_entry_guardpost_small
Lair:5:   beast_lair_carwin_large_4, basic_altar, guppyfry_lair_drakes
Lair:6:   minmay_swamp_entry_worms, lemuel_fruit_fields, lemuel_fruit_fields
Lair:7:   beast_lair_carwin_2
Lair:8:   guppyfry_lair_end_dragon, minmay_slime_entry_oklob_open, minivault_26
Swamp:1:  evilmike_swamp_ruin_rubble_1
Swamp:2:  evilmike_swamp_ruin_rubble_2
Swamp:3:  evilmike_swamp_ruin_house_3, uniq_roxanne
Swamp:4:  swamp_old_school, uniq_mara
Snake:1:  uniq_aizul
Snake:2:  serial_shops, shop, uniq_vashnia, uniq_wiglaf, uniq_frances,
          uniq_agnes
Snake:4:  grunt_snake_rune_spirals, serial_shops, shop, uniq_asterion
Orc:1:    basic_altar, uniq_urug
Orc:3:    serial_shops, shop, nicolae_orc_pool_cavern, uniq_sonja
Orc:4:    st_orc_pillars, uniq_maud, uniq_rupert
Vaults:1: v_rooms_2, vaults_room_hallway, ontoclasm_vaults_tryst,
          hangedman_vaults_corner, hangedman_vaults_nails, grunt_vaults_bifocal,
          dpeg_vaults_monster_box, ontoclasm_vaults_chip, v_misc_27,
          special_room_vaults, vaults_room_grid, serial_shops,
          nicolae_shop_crystal
Vaults:2: minmay_crypt_entry_necro_gods, nicolae_vaults_asterisk,
          vaults_room_hangedman_quadrants, nicolae_vaults_little_squares_6,
          nicolae_vaults_little_ls, grunt_vaults_hallway_short, v_misc_25,
          v_rooms_4, nicolae_vaults_mini_display_case, grunt_vaults_diagonal,
          vaults_room_grid, v_alt_pattern_2, hangedman_vaults_trim,
          hangedman_vaults_variations, v_rooms_1, ontoclasm_vaults_gateway,
          vaults_mumra_chevron_long
Vaults:3: hangedman_vaults_stretched_pinwheel, ontoclasm_vaults_loading_screen,
          nicolae_vaults_triangles, hangedman_vaults_trim,
          nicolae_vaults_asterisk, hangedman_vaults_trim,
          vaults_standard_mumra_enter_the_diamond,
          nicolae_vaults_border_crossing
Vaults:4: ontoclasm_vaults_decontamination, hangedman_vaults_pinch, v_rooms_5,
          vaults_room_boxed, nicolae_vaults_twisting_passages,
          nicolae_vaults_little_squares_2, v_misc_22,
          nicolae_vaults_shelves_hall, nicolae_vaults_angled_halls, v_misc_10,
          v_misc_14, hangedman_vaults_snaps, nicolae_vaults_quartermaster
Vaults:5: uniq_mennas
Crypt:1:  st_stairs_9
Lab:      labyrinth_watery, nicolae_lab_flowing_pool, nicolae_lab_x, lab_statue
Ossuary:  ossuary_zaba_flooded
Bailey:   bailey_axe_bossmonster_kennysheep, bailey
IceCv:    ice_cave_small_demon

Action                   |  1- 3 |  4- 6 |  7- 9 | 10-12 | 13-15 | 16-18 | 19-21 | 22-24 || total
-------------------------+-------+-------+-------+-------+-------+-------+-------+-------++-------
Melee: Hand axe          |    63 |   165 |       |       |       |       |       |       ||   228
       War axe           |       |    16 |   179 |   244 |       |       |       |       ||   439
       Battleaxe         |       |       |       |   152 |   556 |  1530 |   197 |       ||  2435
       Executioner's axe |       |       |       |   110 |   101 |       |  1133 |   501 ||  1845
 Fire: Arbalest          |       |       |       |       |       |    59 |    18 |       ||    77
       Triple crossbow   |       |       |       |       |       |       |    30 |       ||    30
Invok: Berserk           |     1 |     1 |     3 |     5 |     1 |    10 |     7 |     1 ||    29
       Trog's Hand       |       |       |     1 |     2 |     1 |     7 |     5 |     4 ||    20
       Burn Spellbooks   |       |       |       |     2 |     2 |     5 |     4 |     5 ||    18
       Brothers in Arms  |       |       |       |       |     3 |     9 |     6 |     2 ||    20
Evoke: Wand              |       |       |       |       |       |     4 |       |     7 ||    11
       Deck              |       |       |       |       |       |     3 |     1 |       ||     4
  Use: Scroll            |       |     3 |     1 |    20 |    15 |    13 |     5 |    15 ||    72
       Potion            |       |       |       |     1 |     4 |     7 |     8 |    10 ||    30
 Stab: Confused          |       |       |       |       |       |     2 |       |       ||     2
       Distracted        |       |       |       |       |       |     2 |     1 |       ||     3
  Eat: Chunk             |       |     7 |     7 |    13 |    20 |    31 |    18 |     3 ||    99
       Royal jelly       |       |       |     1 |       |       |       |       |       ||     1
       Bread ration      |       |       |       |     1 |     1 |     1 |     1 |     1 ||     5
       Pizza             |       |       |       |     1 |       |     4 |       |     1 ||     6
       Meat ration       |       |       |       |       |       |     4 |     4 |     2 ||    10
       Fruit             |       |       |       |       |       |     7 |       |     4 ||    11
